 Dungeon Crawl Stone Soup version 0.28-a0-1374-ga75cb3825e (webtiles) character file.

Game seed: 3234058250805370602

18886 mtoz the Cleaver (level 12, -1/168 HPs)
             Began as a Minotaur Berserker on Dec 31, 2021.
             Was an Elder of Trog.
             Slain by an entropy weaver simulacrum (18 damage)
             ... in an ice cave on Jan 1, 2022.
             The game lasted 01:37:06 (11228 turns).

mtoz the Cleaver (Minotaur Berserker)              Turns: 11228, Time: 01:37:06

Health: -1/168     AC: 18    Str: 26    XL:     12   Next: 31%
Magic:  11/11      EV: 11    Int:  4    God:    Trog [****..]
Gold:   1332       SH:  0    Dex: 11    Spells: 11/11 levels left

rFire   . . .      SeeInvis .   p - +1 battleaxe
rCold   . . .      Faith    .   (shield currently unavailable)
rNeg    . . .      Spirit   .   d - +0 plate armour
rPois   +          Reflect  .   (helmet unavailable)
rElec   .          Harm     .   l - +0 cloak
rCorr   +          Rampage  .   (no gloves)
Will    ++...                   b - +0 pair of boots
Stlth   ..........              n - amulet of regeneration
HPRegen 2.18/turn               h - ring of resist corrosion
MPRegen 0.12/turn               (no ring)

@: berserking, strong-willed, regenerating, very quick
A: horns 3, retaliatory headbutt, poison resistance
a: Renounce Religion, Berserk, Trog's Hand, Brothers in Arms


You were in an ice cave.
You worshipped Trog.
Trog was greatly pleased with you.
You visited 3 branches of the dungeon, and saw 14 of its levels.
You also visited: Ossuary and Ice Cave.

You collected 1332 gold pieces.

Inventory:

Hand Weapons
 a - a +2 war axe of flaming
 p - a +1 battleaxe (weapon)
 q - a +0 battleaxe
 r - a +4 scimitar of flaming
 y - a +1 mace of protection
 E - a +1 trident of flaming
Armour
 b - a +0 pair of boots (worn)
 d - a +0 plate armour (worn)
 l - a +0 cloak (worn)
Jewellery
 h - a ring of resist corrosion (left hand)
 k - a ring of positive energy
 n - an amulet of regeneration (around neck)
Wands
 m - a wand of flame (29)
 s - a wand of acid (3)
 z - a wand of charming (11)
 F - a wand of paralysis (6)
 H - a wand of iceblast (9)
Scrolls
 c - 3 scrolls of enchant weapon
 e - a scroll of silence
 f - 8 scrolls of immolation
 j - 7 scrolls of identify
 u - 5 scrolls of teleportation
 w - a scroll of blinking
 x - 2 scrolls of acquirement
 A - 2 scrolls of enchant armour
 B - 4 scrolls of holy word
 C - a scroll of fear
Potions
 g - 2 potions of ambrosia
 i - a potion of magic
 o - a potion of flight
 t - 2 potions of might
 v - 8 potions of curing
 D - a potion of mutation
 G - a potion of lignification


   Skills:
 + Level 11.9 Fighting
 + Level 11.9 Axes
 + Level 11.6 Armour
 + Level 10.6 Dodging
 + Level 7.3 Evocations


You had 11 spell levels left.
You didn't know any spells.
Your spell library was empty.

Dungeon Overview and Level Annotations

Branches:
Dungeon (11/15)            Temple (0/1) D:4            Lair (1/6) D:11
    Orc (2/2) D:9         Ossuary (visited)           IceCv (1/1)
    Elf: Orc:2

Altars:
Ashenzari
Elyvilon
Sif Muna
Uskayaw
Beogh

Shops:
D:3 (   D:6 =   D:9 *   D:10 :   Orc:1 (

Annotations:
D:5 weapdance
D:8 island


Innate Abilities, Weirdness & Mutations

You have a pair of large horns on your head.
You reflexively headbutt those who attack you in melee.
Your system is resistant to poisons. (rPois)


Message History

You headbutt the demonic crawler simulacrum.
The demonic crawler simulacrum is almost destroyed.
The demonic crawler simulacrum barely misses you.
The demonic crawler simulacrum hits you!
The demonic crawler simulacrum freezes you!!
The demonic crawler simulacrum hits you but does no damage.
The demonic crawler simulacrum hits you.
The demonic crawler simulacrum freezes you!
The demonic crawler simulacrum hits you but does no damage.
The demonic crawler simulacrum closely misses you.
You are too injured to fight recklessly!
Your skin crawls.
You feel strong-willed.
The demonic crawler simulacrum hits you but does no damage.
The demonic crawler simulacrum closely misses you.
The demonic crawler simulacrum hits you!
The demonic crawler simulacrum freezes you!
* * * LOW HITPOINT WARNING * * *
A red film seems to cover your vision as you go berserk!
You feel yourself moving faster!
You feel mighty!
The demonic crawler simulacrum barely misses you.
The demonic crawler simulacrum misses you.
The demonic crawler simulacrum closely misses you.
You carve the demonic crawler simulacrum like a ham!!!
The demonic crawler simulacrum vaporises!
Trog accepts your kill.
You slash the entropy weaver simulacrum!
The entropy weaver simulacrum is moderately damaged.
You closely miss the entropy weaver simulacrum.
The entropy weaver simulacrum is moderately damaged.
The entropy weaver simulacrum hits you but does no damage.
The entropy weaver simulacrum hits you!
* * * LOW HITPOINT WARNING * * *
The entropy weaver simulacrum freezes you!
* * * LOW HITPOINT WARNING * * *
The entropy weaver simulacrum hits you but does no damage.
The entropy weaver simulacrum hits you!
* * * LOW HITPOINT WARNING * * *
The entropy weaver simulacrum freezes you!!
You die...

# #. ###
#. ##.##
#..##...#
#...Z.∩∩#
#..##@..#
##.## ###


You could see an entropy weaver simulacrum.

Vanquished Creatures
  A hydra (D:11)
  A boulder beetle (D:8)
  Erica (D:8)
  2 two-headed ogres
  Pikel (D:7)
  A harpy (shapeshifter) (D:11)
  3 orc knights (Orc:2)
  An ugly thing (D:8)
  2 orc sorcerers
  Maurice (D:8)
  3 cane toads (Lair:1)
  A kobold demonologist (D:9)
  A komodo dragon (Lair:1)
  A troll (Orc:1)
  Grinder (D:3)
  2 shadows (D:10)
  A wraith (D:11)
  5 yaks (D:10)
  Grum (D:9)
  Menkaure (D:4)
  A steam dragon (D:7)
  3 wargs
  A demonic crawler simulacrum (IceCv)
  5 water moccasins
  5 ice beasts
  2 black bears
  2 ogres (D:5)
  9 wolves
  22 orc warriors
  7 centaurs
  2 phantoms
  Blork the orc (D:5)
  4 bullfrogs
  A gnoll sergeant (D:10)
  A wyvern zombie (D:8)
  5 scorpions
  A water moccasin skeleton (D:4)
  6 killer bees (D:11)
  An elephant simulacrum (Lair:1)
  9 wights
  2 electric eels (D:10)
  A bullfrog zombie (D:5)
  3 centaur zombies
  2 human zombies (Ossuary)
  2 hounds
  A jelly (D:5)
  15 orc priests
  A bullfrog skeleton (D:4)
  2 iguanas (D:4)
  12 orc wizards
  Natasha (thrice) (D:3)
  2 mummies (Ossuary)
  Robin (D:3)
  2 howler monkey skeletons (D:7)
  5 gnolls (D:10)
  7 adders
  3 white imps
  3 worms
  2 dart slugs (D:1)
  74 orcs
  9 endoplasms
  2 giant cockroaches
  4 gnoll zombies (Ossuary)
  9 hobgoblins
  8 jackals (D:1)
  6 quokkas
  9 ball pythons
  3 bats
  8 frilled lizards
  18 goblins
  5 kobolds
  A kobold zombie (Ossuary)
  An orc zombie (Ossuary)
  4 rats
349 creatures vanquished.

Vanquished Creatures (collateral kills)
  2 centaurs (D:8)
  An orc priest (Orc:2)
  An orc wizard (Orc:2)
4 creatures vanquished.

Vanquished Creatures (others)
  A centaur (D:8)
  2 orc wizards
  An ufetubus (D:6)
  An orc (Orc:2)
  2 fungi (Lair:1)
  4 plants
11 creatures vanquished.

Grand Total: 364 creatures vanquished

Notes
Turn   | Place    | Note
-------+----------+-------------------------------------------
     0 | D:1      | mtoz the Minotaur Berserker began the quest for the Orb.
     0 | D:1      | Reached XP level 1. HP: 19/19 MP: 0/0
   427 | D:1      | Reached XP level 2. HP: 27/27 MP: 1/1
   630 | D:1      | Found a faded altar of an unknown god.
   913 | D:1      | Reached ** piety under Trog
   917 | D:1      | Reached XP level 3. HP: 29/33 MP: 2/2
  1700 | D:2      | You fall into a shaft and drop 2 floors!
  1706 | D:4      | Reached XP level 4. HP: 41/41 MP: 3/3
  1752 | D:4      | Found a staircase to the Ecumenical Temple.
  1779 | D:3      | Noticed Natasha
  1785 | D:3      | Killed Natasha
  1821 | D:3      | Reached XP level 5. HP: 47/47 MP: 4/4
  1849 | D:3      | Noticed Natasha
  1859 | D:3      | Killed Natasha
  1918 | D:3      | Noticed Robin
  1942 | D:3      | Reached skill level 5 in Axes
  1944 | D:3      | Killed Robin
  2001 | D:3      | Noticed Grinder
  2100 | D:2      | Reached skill level 5 in Fighting
  2498 | D:2      | Reached *** piety under Trog
  2856 | D:3      | Noticed Natasha
  2864 | D:3      | Killed Natasha
  2865 | D:3      | Reached XP level 6. HP: 55/56 MP: 5/5
  2873 | D:3      | Killed Grinder
  2874 | D:3      | Reached skill level 5 in Armour
  2950 | D:3      | Found Gihog's Weapon Shop.
  3168 | D:4      | Reached XP level 7. HP: 39/62 MP: 6/6
  3324 | D:4      | Reached skill level 5 in Dodging
  3860 | D:4      | Noticed Menkaure
  3875 | D:4      | Killed Menkaure
  3876 | D:4      | Reached XP level 8. HP: 53/71 MP: 7/7
  4047 | D:5      | Entered Level 5 of the Dungeon
  4135 | D:5      | Identified a scroll of acquirement
  4139 | D:5      | Gained mutation: You have a pair of large horns on your
                  | head. [potion of mutation]
  4139 | D:5      | Gained mutation: Your system is resistant to poisons.
                  | (rPois) [potion of mutation]
  4304 | D:5      | Noticed Blork the orc
  4308 | D:5      | Killed Blork the orc
  4358 | D:5      | Reached skill level 1 in Evocations
  4436 | D:5      | Noticed a +0 short sword
  4436 | D:5      | Noticed a +0 spear
  4436 | D:5      | Noticed a +0 dagger
  4437 | D:5      | Noticed a +0 dagger
  4437 | D:5      | Noticed a +0 spear
  4437 | D:5      | Noticed a +0 falchion
  4437 | D:5      | Noticed a +0 falchion
  4439 | D:5      | Noticed a +0 short sword
  4450 | D:5      | Found a hide-covered altar of Uskayaw.
  4665 | D:5      | Found a sand-covered staircase.
  4670 | Ossuary  | Entered an ossuary
  4943 | D:5      | Reached **** piety under Trog
  5065 | D:6      | Found Fudegona's Jewellery Shop.
  5152 | D:6      | Reached XP level 9. HP: 59/80 MP: 8/8
  5415 | D:6      | Found a broken altar of Ashenzari.
  5731 | D:7      | Noticed Pikel
  5741 | D:7      | Killed Pikel
  5834 | D:7      | Found a white marble altar of Elyvilon.
  6116 | D:7      | Found a shimmering blue altar of Sif Muna.
  6267 | D:8      | Noticed Maurice
  6278 | D:8      | Killed Maurice
  6279 | D:8      | Reached XP level 10. HP: 91/91 MP: 9/9
  6279 | D:8      | Noticed a boulder beetle
  6342 | D:8      | Killed a boulder beetle
  6592 | D:8      | Noticed Erica
  6617 | D:8      | Killed Erica
  6878 | D:8      | Noticed a red ugly thing
  6886 | D:8      | Killed a red ugly thing
  6924 | D:8      | Reached skill level 5 in Evocations
  7318 | D:9      | Noticed a two-headed ogre
  7326 | D:9      | Killed a two-headed ogre
  7327 | D:9      | Reached skill level 10 in Fighting
  7327 | D:9      | Reached skill level 10 in Axes
  7363 | D:9      | Found Uwutais's Assorted Antiques.
  7462 | D:9      | Noticed Grum
  7491 | D:9      | Killed Grum
  7492 | D:9      | Reached XP level 11. HP: 22/100 MP: 10/10
  7645 | D:9      | Found a staircase to the Orcish Mines.
  7659 | D:9      | Reached skill level 10 in Armour
  8111 | Orc:1    | Entered Level 1 of the Orcish Mines
  8165 | Orc:1    | Noticed an orc sorcerer
  8182 | Orc:1    | Killed an orc sorcerer
  8407 | Orc:2    | Entered Level 2 of the Orcish Mines
  8522 | Orc:2    | Noticed an orc knight
  8578 | Orc:2    | Noticed an orc knight
  8644 | Orc:2    | Killed an orc knight
  8724 | Orc:2    | Killed an orc knight
  8986 | Orc:2    | Noticed an orc sorcerer
  8990 | Orc:2    | Noticed an orc knight
  9019 | Orc:2    | Killed an orc knight
  9034 | Orc:2    | Killed an orc sorcerer
  9211 | Orc:1    | Found Qougaecw's Weapon Emporium.
  9221 | Orc:2    | Noticed an orc warlord
  9289 | D:10     | Entered Level 10 of the Dungeon
  9660 | D:10     | Found Ycran's Book Emporium.
  9883 | D:10     | Reached skill level 10 in Dodging
 10153 | D:11     | Noticed a two-headed ogre
 10159 | D:11     | Killed a two-headed ogre
 10434 | D:11     | Found a staircase to the Lair.
 10449 | D:11     | Reached XP level 12. HP: 109/110 MP: 11/11
 10809 | Lair:1   | Entered Level 1 of the Lair of Beasts
 10873 | Lair:1   | Noticed a six-headed hydra
 10893 | D:11     | Killed a two-headed hydra
 11200 | Lair:1   | Found a frozen archway.
 11217 | IceCv    | Entered an ice cave
 11228 | IceCv    | Slain by an entropy weaver simulacrum

Illustrated notes

Levels and vault maps discovered:
D:1:      dpeg_cavernosity, layout_loops_ring,
          hellmonk_ecumenical_altar_blasted, dk_noncrumbling_4
D:2:      layout_loops_cross
D:3:      cheibrodos_old_hovel, layout_rooms, serial_shops, shop_statue,
          uniq_natasha, uniq_grinder, uniq_robin
D:4:      layout_cave_pods, minmay_temple_entry_glassed_door, uniq_menkaure
D:5:      layout_loops_ring, nicolae_uskayaw_en_pointe,
          nicolae_ossuary_entry_plus, nrook_campfire, minivault_24,
          minmay_crystal_room, uniq_blork_the_orc
D:6:      layout_cave_pools, kennysheep_mini_moat, serial_shops, shop, hex_tiny,
          lemuel_flamethrower_2
D:7:      layout_rooms, amcnicky_altar_gilded, led_sif_book, uniq_pikel
D:8:      layout_basic, centaur_isle, uniq_erica, uniq_maurice
D:9:      layout_roguey, david_orc_5, serial_shops, shop_fountains, uniq_grum
D:10:     layout_basic, serial_shops, shop, nrook_pool_corridor
D:11:     layout_basic, erik_lair_orcish_takeover, minmay_microvault
Lair:1:   layout_regular_city, portal_ice_cave_entry_ice_simulacra,
          nicolae_quartered_pool_little, grunt_megastairs_5
Orc:1:    cheibrodos_orc_guarddog, layout_caves, serial_shops, shop_fountains
Orc:2:    grunt_orc_tribal_feast, layout_caves
IceCv:    ice_cave_hellmonk_azure_passage

Skill      XL: |  1  2  3  4  5  6  7  8  9 10 11 12 |
---------------+-------------------------------------+-----
Axes           | 4 5 6 7 9 10 11 | 11.9
Fighting       | 4 5 6 7 9 10 11 | 11.9
Armour         | 3 4 5 6 7 8 9 11 | 11.6
Dodging        | 3 4 5 6 7 9 10 | 10.6
Evocations     | 2 4 5 6 7 |  7.3

Action                   |  1- 3 |  4- 6 |  7- 9 | 10-12 || total
-------------------------+-------+-------+-------+-------++-------
Melee: Hand axe          |    74 |    56 |       |       ||   130
       Headbutt          |     6 |    19 |    39 |    91 ||   155
       Battleaxe         |       |    33 |   235 |   401 ||   669
       War axe           |       |       |       |     4 ||     4
Invok: Trog's Hand       |     1 |     4 |     6 |    20 ||    31
       Berserk           |     1 |     3 |     5 |    12 ||    21
       Brothers in Arms  |       |       |       |     1 ||     1
Evoke: Wand              |       |       |     1 |    19 ||    20
  Use: Scroll            |     2 |     2 |     2 |     6 ||    12
       Potion            |       |     4 |     6 |     2 ||    12
 Stab: Sleeping          |     3 |       |       |       ||     3
Armor: Animal skin       |    11 |       |       |       ||    11
       Leather armour    |       |    21 |    19 |       ||    40
       Scale mail        |       |       |    34 |       ||    34
       Plate armour      |       |       |    33 |   279 ||   312
Dodge: Dodged            |    34 |    64 |   137 |   247 ||   482

Table legend: (Time is in decaauts)
 A = Elapsed time spent in this place.
 B = Non-inter-level travel time spent in this place.
 C = Inter-level travel time spent in this place.
 D = Time resting spent in this place.
 E = Time spent auto-exploring this place.
 F = Levels seen in this place.
 G = Mean time per level.
                   A        B        C        D        E       F      G
               +--------+--------+--------+--------+--------+-----+--------+
         Total |  11575 |  11000 |    575 |    853 |   7004 |  16 |  723.4 |
       Dungeon |   9812 |   9337 |    475 |    586 |   6515 |  11 |  892.0 |
          Lair |    341 |    341 |      0 |     15 |      0 |   1 |  341.0 |
  Orcish Mines |   1197 |   1097 |    100 |    252 |    400 |   2 |  598.5 |
       Ossuary |    213 |    213 |      0 |      0 |     89 |   1 |  213.0 |
      Ice Cave |     10 |     10 |      0 |      0 |      0 |   1 |   10.0 |
               +--------+--------+--------+--------+--------+-----+--------+

Top non-repeatable levels by time:
     D:1: 1531 daAuts
     D:4: 1048 daAuts
     D:8: 933 daAuts
     D:2: 930 daAuts
     D:9: 884 daAuts
     D:5: 831 daAuts
    D:10: 824 daAuts
    D:11: 791 daAuts
     D:6: 730 daAuts
     D:7: 670 daAuts
   Orc:1: 640 daAuts
     D:3: 635 daAuts
   Orc:2: 556 daAuts
  Lair:1: 341 daAuts
 Ossuary: 213 daAuts
